 Dungeon Crawl Stone Soup version 0.22-b1-26-g9dbaab1 (webtiles) character file.

7576 bht the Fighter (level 10, -1/91 HPs)
             Began as a Centaur Wizard on Aug 7, 2018.
             Was an Elder of Okawaru.
             Slain by a rakshasa
             ... wielding a +0 long sword
              (6 damage)
             ... on level 11 of the Dungeon.
             The game lasted 01:20:10 (17035 turns).

bht the Fighter (Centaur Wizard)                   Turns: 17035, Time: 01:20:11

Health: -1/91      AC: 16    Str: 13    XL:     10   Next: 97%
Magic:  13/13      EV:  7    Int: 17    God:    Okawaru [****..]
Gold:   346        SH: 16    Dex:  8    Spells: 9/13 levels left

rFire    . . .     SeeInvis +   a - +6 spear (pierce)
rCold    . . .     Gourm    .   L - +2 large shield
rNeg     + . .     Faith    .   z - +2 robe {MR+}
rPois    .         Spirit   .   h - +2 helmet {SInv}
rElec    .         Reflect  .   k - +2 cloak
rCorr    .         Harm     .   E - +0 pair of gloves
MR       ++++.     Clarity  +   (no barding)
Stlth    ++........             S - amulet of the Four Winds {rN+ MR+++ Clar}
HPRegen  0.25/turn              m - +3 ring of protection
MPRegen  0.13/turn              C - ring of stealth

@: very quick
A: large, hooves 3, deformed body, speed 2, tough skin 3
a: Heroism, Renounce Religion


You were on level 11 of the Dungeon.
You worshipped Okawaru.
Okawaru was greatly pleased with you.
You were very hungry.

You visited 2 branches of the dungeon, and saw 12 of its levels.

You collected 346 gold pieces.

Inventory:

Hand Weapons
 a - a +6 spear of piercing (weapon)
 b - a +4 hunting sling
Missiles
 e - 17 arrows
 n - 160 stones
 u - 15 bolts
 B - a throwing net {!f}
 F - 2 poisoned tomahawks
 M - 3 tomahawks (quivered)
 Q - 7 exploding tomahawks
 R - 68 sling bullets
Armour
 h - a +2 helmet of see invisible (worn)
 k - a +2 cloak (worn)
 z - a +2 robe of magic resistance (worn)
 E - a +0 pair of gloves (worn)
 L - a +2 large shield (worn)
 N - a +1 leather armour of magic resistance
Magical Staves
 r - an uncursed staff of poison {unknown}
Jewellery
 i - an uncursed ring of magical power
 m - a +3 ring of protection (left hand)
 t - an uncursed amulet of the gourmand {unknown}
 C - a ring of stealth (right hand)
 J - an uncursed ring of poison resistance
 K - an uncursed amulet of rage
 S - the amulet of the Four Winds (around neck) {rN+ MR+++ Clar}
   (You found it on level 12 of the Dungeon)

   [amulet of nothing]

   It protects you from negative energy.
   It affects your resistance to hostile enchantments.
   It protects you against confusion.
Wands
 s - a wand of iceblast (14)
 y - a wand of polymorph (15)
 G - a wand of digging (19)
 I - a wand of scattershot (4)
 P - a wand of random effects (17)
Scrolls
 c - 5 scrolls of identify
 f - 2 scrolls of teleportation
 g - 4 scrolls of remove curse
 l - 3 scrolls of fear
 p - 2 scrolls of blinking
 q - 2 scrolls of amnesia
 v - 4 scrolls of enchant armour
 A - 2 scrolls of fog
 D - a scroll of acquirement {unknown}
 H - a scroll of noise {unknown}
 O - a scroll of immolation {unknown}
Potions
 j - 2 potions of curing
 o - a potion of haste {!q}
 w - a potion of agility
Comestibles
 d - 16 rations {!d}


   Skills:
 + Level 9.3 Fighting
   Level 0.6 Short Blades
 - Level 2.2 Polearms
 - Level 1.3 Dodging
 - Level 1.1 Stealth
 + Level 6.9 Shields
 - Level 8.5 Unarmed Combat
 - Level 2.4 Spellcasting
   Level 1.0 Conjurations
 - Level 2.0 Summonings
 - Level 1.0 Translocations
 - Level 4.0 Invocations
 - Level 3.0 Evocations


You had 9 spell levels left.
You knew the following spells:

 Your Spells              Type           Power        Failure   Level  Hunger
b - Call Imp              Summ           #.......     56%         2    ##.....
c - Blink                 Tloc           N/A          69%         2    ##.....

Your spell library contained the following spells:

 Spells                   Type           Power        Failure   Level  Hunger
 Magic Dart               Conj           #...         56%         1    #......
 Conjure Flame            Conj/Fire      #.......     94%         3    ###....
 Slow                     Hex            #.......     83%         2    ##.....
 Freezing Cloud           Conj/Ice/Air   #.........   100%        6    #######
 Mephitic Cloud           Conj/Pois/Air  #.......     95%         3    ###....
 Ring of Flames           Chrm/Fire      #.........   100%        7    #######
 Iskenderun's Mystic Bla  Conj           #.......     100%        4    #####..
 Fulminant Prism          Conj/Hex       #.........   100%        4    #####..
 Dazzling Spray           Conj/Hex       #.....       94%         3    ###....
 Force Lance              Conj/Tloc      #.......     100%        4    #####..
 Searing Ray              Conj           #.....       71%         2    ##.....
 Poisonous Vapours        Pois/Air       #.....       83%         2    ##.....


Dungeon Overview and Level Annotations

Branches:
Dungeon (12/15)            Temple (1/1) D:5            Lair (0/6) D:8
    Orc: D:9-12

Altars:
Ashenzari
Cheibriados
Dithmenos
Elyvilon
Fedhas
Gozag
Hepliaklqana
Kikubaaqudgha
Makhleb
Nemelex Xobeh
Okawaru
Qazlal
Ru
Sif Muna
Trog
Uskayaw
Vehumet
Wu Jian
Xom
Yredelemnul
Zin
The Shining One

Annotations:
D:2 Sigmund
D:4 1 runed door, dedward's ghost, amateur MiBe
D:8 3 runed doors, Muad's ghost, novice GrFE


Innate Abilities, Weirdness & Mutations

You have hooves in place of feet.
Armour fits poorly on your strangely shaped body.
You cover ground very quickly.
You have extremely tough skin. (AC +3)


Message History

You feel like a meek peon again.
You hit the rakshasa but do no damage.
The rakshasa is almost dead.
The rakshasa gestures at you. You block the orb of energy.
You are feeling very hungry.
You hit the rakshasa but do no damage.
The rakshasa is almost dead.
The rakshasa gestures at you. The orb of energy hits you!
* * * LOW HITPOINT WARNING * * *
The orb of energy explodes!
Unknown command.
Okay, then.
You hit the rakshasa.
The rakshasa is almost dead.
The rakshasa gestures at you. You block the orb of energy.
The orb of energy explodes!
The rakshasa hits you with a long sword.
You die...

#...##...........#
#...##...###.....#
#...##...#######+#
#...#......#
#...##.....#
######.....#
#....#.....#
#...R#....##
#..@.'....#
#...##....#
###########


You could see a rakshasa.

Vanquished Creatures
  A hydra (D:8)
  A two-headed ogre (D:6)
  Pikel (D:5)
  Joseph (D:7)
  A troll (D:8)
  2 hippogriffs
  2 dream sheep (D:8)
  A vampire (D:9)
  2 yaks (D:8)
  Duvessa (D:5)
  A sky beast (D:7)
  An ice beast (D:11)
  3 ogres
  2 wolves (D:8)
  2 centaurs (D:7)
  3 bullfrogs
  5 big kobolds
  A gnoll sergeant (D:5)
  A wyvern skeleton (D:8)
  2 scorpions
  19 killer bees
  A howler monkey (D:6)
  4 electric eels (D:8)
  2 crimson imps
  3 bullfrog zombies
  A centaur zombie (D:6)
  4 hounds (D:8)
  A gnoll shaman (D:7)
  3 orc priests
  A bullfrog skeleton (D:6)
  2 iguanas
  7 worker ants
  9 orc wizards
  A hound zombie (D:6)
  3 hound skeletons
  2 worker ant zombies (D:6)
  13 gnolls
  14 adders
  5 adder skeletons
  A dart slug (D:1)
  5 leopard geckos
  20 orcs
  2 giant cockroaches
  9 goblins
  10 hobgoblins
  5 jackals
  11 kobolds
  4 quokkas
  2 ball pythons (D:2)
  A ball python skeleton (D:5)
  5 bats
  4 frilled lizards
  2 jackal zombies
  2 quokka skeletons
  A quokka zombie (D:6)
  9 rats
222 creatures vanquished.

Vanquished Creatures (collateral kills)
  A centaur (D:6)
  Blork the orc (D:5)
  Dowan (D:5)
  3 howler monkeys
  A bullfrog zombie (D:6)
  A hound (D:5)
  2 orc wizards (D:3)
  Jessica (D:3)
  2 worker ants
  A gnoll (D:5)
  2 adders (D:2)
  2 leopard geckos
  3 orcs
  A giant cockroach (D:4)
  A kobold (D:3)
  A quokka zombie (D:6)
24 creatures vanquished.

Vanquished Creatures (others)
  An adder zombie (D:6)
  A quokka (D:5)
2 creatures vanquished.

Grand Total: 248 creatures vanquished

Notes
Turn   | Place    | Note
-------+----------+-------------------------------------------
     0 | D:1      | bht the Centaur Wizard began the quest for the Orb.
     0 | D:1      | Reached XP level 1. HP: 14/14 MP: 3/3
     9 | D:1      | Reached skill level 1 in Conjurations
    94 | D:1      | Reached skill level 1 in Fighting
   395 | D:1      | Reached XP level 2. HP: 23/23 MP: 0/5
   526 | D:1      | Learned a level 2 spell: Call Imp
   563 | D:1      | Reached skill level 1 in Summonings
  1640 | D:2      | Reached skill level 2 in Fighting
  1640 | D:2      | Reached XP level 3. HP: 29/29 MP: 0/6
  2128 | D:2      | Reached XP level 4. HP: 37/37 MP: 0/7
  2144 | D:2      | Reached skill level 3 in Fighting
  2308 | D:2      | Noticed Sigmund
  2785 | D:2      | Learned a level 2 spell: Blink
  2877 | D:2      | Reached skill level 1 in Translocations
  3339 | D:3      | Reached skill level 4 in Fighting
  3339 | D:3      | Reached XP level 5. HP: 43/46 MP: 0/8
  3597 | D:3      | Noticed Jessica
  3603 | D:3      | Killed Jessica
  4057 | D:4      | Noticed an ogre
  4073 | D:4      | Reached skill level 5 in Fighting
  4074 | D:4      | Killed an ogre
  4076 | D:4      | Reached XP level 6. HP: 50/56 MP: 1/9
  4805 | D:4      | Found a runed door.
  4810 | D:4      | Noticed dedward's ghost (amateur MiBe)
  5676 | D:5      | Entered Level 5 of the Dungeon
  5762 | D:5      | Reached skill level 6 in Fighting
  5845 | D:5      | Found a white marble altar of Elyvilon.
  5845 | D:5      | Noticed Dowan
  5886 | D:5      | Killed Dowan
  6217 | D:5      | Noticed Blork the orc
  6230 | D:5      | Killed Blork the orc
  6230 | D:5      | Reached XP level 7. HP: 64/64 MP: 2/10
  6329 | D:5      | Noticed Duvessa
  6394 | D:5      | Killed Duvessa
  6394 | D:5      | Reached skill level 7 in Fighting
  6684 | D:5      | Reached skill level 1 in Unarmed Combat
  6748 | D:5      | Became a worshipper of Elyvilon the Healer
  6813 | D:5      | Found an ornate altar of the Wu Jian Council.
  6915 | D:5      | Fell from the grace of Elyvilon
  7906 | D:5      | Found a staircase to the Ecumenical Temple.
  8021 | Temple   | Entered the Ecumenical Temple
  8228 | D:6      | Noticed Pikel
  8393 | D:6      | Found an iron altar of Okawaru.
  8397 | D:6      | Became a worshipper of Warmaster Okawaru
  8406 | D:6      | Found a glowing silver altar of Zin.
  8567 | D:5      | Killed Pikel
  8567 | D:5      | Reached skill level 5 in Unarmed Combat
  8567 | D:5      | Reached XP level 8. HP: 63/74 MP: 11/11
  8810 | D:6      | Reached skill level 8 in Fighting
  9153 | D:6      | Noticed a two-headed ogre
  9262 | D:6      | Killed a two-headed ogre
  9262 | D:6      | Reached * piety under Okawaru
  9262 | D:6      | Reached ** piety under Okawaru
  9262 | D:6      | Reached XP level 9. HP: 81/81 MP: 12/12
  9410 | D:6      | Found an iron altar of Okawaru.
  9477 | D:6      | Reached skill level 1 in Invocations
  9922 | D:7      | Reached skill level 1 in Shields
 10478 | D:7      | Found a bloodstained altar of Trog.
 10479 | D:7      | Noticed Joseph
 10636 | D:7      | Killed Joseph
 10840 | D:7      | Reached *** piety under Okawaru
 11077 | D:7      | Reached skill level 5 in Shields
 11429 | D:7      | Reached XP level 10. HP: 88/88 MP: 13/13
 12753 | D:8      | Found a staircase to the Lair.
 12780 | D:8      | Reached skill level 1 in Evocations
 12920 | D:8      | Found a hazy altar of Hepliaklqana.
 12920 | D:8      | Found a deep blue altar of Sif Muna.
 12925 | D:8      | Found a sacrificial altar of Ru.
 13342 | D:8      | Reached **** piety under Okawaru
 13853 | D:8      | Received a gift from Okawaru
 14976 | D:8      | Reached skill level 9 in Fighting
 15008 | D:8      | Noticed a two-headed hydra
 15102 | D:8      | Killed a two-headed hydra
 15377 | D:8      | Found a runed gate.
 15378 | D:8      | Noticed Muad's ghost (novice GrFE)
 15415 | D:8      | Found a runed gate.
 15415 | D:8      | Found a runed gate.
 15664 | D:9      | Found a sparkling altar of Nemelex Xobeh.
 16640 | D:9      | You fall through a shaft for 3 floors!
 16640 | D:12     | Noticed a two-headed ogre
 16719 | D:12     | Found the amulet of the Four Winds {rN+ MR+++ Clar}
 16956 | D:11     | Noticed a rakshasa
 17035 | D:11     | Slain by a rakshasa

Skill      XL: |  1  2  3  4  5  6  7  8  9 10 |
---------------+-------------------------------+-----
Conjurations   | 1 |  1.0
Fighting       | 1 2 4 5 6 7 8 9 |  9.3
Summonings     | 2 |  2.0
Translocations | 1 |  1.0
Unarmed Combat | 5 8 |  8.5
Polearms       | 2 |  2.2
Invocations    | 3 4 |  4.0
Shields        | 5 6 |  6.9
Evocations     | 3 |  3.0
Short Blades   | |  0.6
Dodging        | |  1.3
Stealth        | |  1.1
Spellcasting   | |  2.4

Action                   |  1- 3 |  4- 6 |  7- 9 | 10-12 || total
-------------------------+-------+-------+-------+-------++-------
Melee: Unarmed           |    25 |       |       |       ||    25
       Kick              |    10 |    34 |    45 |    63 ||   152
       Dagger            |    38 |   163 |    58 |       ||   259
       Short sword       |    11 |       |       |       ||    11
       Spear             |       |       |   340 |   434 ||   774
       Punch             |       |       |     6 |       ||     6
 Fire: Hunting sling     |       |    11 |    78 |    82 ||   171
Throw: Stone             |       |    19 |       |       ||    19
 Cast: Magic Dart        |    76 |    25 |     7 |       ||   108
       Call Imp          |     3 |    43 |    55 |       ||   101
Invok: Renounce Religion |       |       |     1 |       ||     1
       Heroism           |       |       |     3 |     5 ||     8
  Use: Scroll            |     4 |     2 |    10 |     3 ||    19
       Potion            |       |       |     2 |     3 ||     5
 Stab: Distracted        |       |       |     3 |       ||     3
  Eat: Chunk             |     4 |     9 |    16 |     8 ||    37
       Ration            |       |     1 |     1 |     2 ||     4
Armor: Robe              |    36 |    70 |   147 |   119 ||   372
Dodge: Dodged            |    51 |    83 |   104 |    55 ||   293
Block: Large shield      |       |       |   112 |   266 ||   378
